 Dungeon Crawl Stone Soup version 0.17.0-28-g6e173f8 (webtiles) character file.

49 MDvedh the Ruffian (level 3, 0/26 HPs)
             Began as a Ghoul Conjurer on Nov 22, 2015.
             Slain by Grinder (5 damage)
             ... on level 2 of the Dungeon.
             The game lasted 00:04:17 (1427 turns).

MDvedh the Ruffian (Ghoul Conjurer)                 Turns: 1427, Time: 00:04:17

Health: 0/26       AC:  6    Str: 12    XL:     3   Next: 77%
Magic:  4/4        EV: 14    Int: 10    God:
Gold:   71         SH:  0    Dex:  9    Spells: 1 memorised, 4 levels left

rFire  . . .     SeeInvis .       - Unarmed
rCold  + . .     Clarity  .     u - +0 ring mail
rNeg   + + +     SustAt   .     (no shield)
rPois  ∞         Gourm    .     f - +0 helmet
rElec  .         Spirit   .     (no cloak)
rCorr  .         Warding  .     (no gloves)
rMut   .         Stasis   .     (no boots)
MR     .....                    (no amulet)
Stlth  +.........               s - +4 ring of evasion
                                l - ring of flight

@: flying, very slightly contaminated, rotting, not resistant to hostile
enchantments, very unstealthy
A: rotting body, claws 1, carnivore 3, cold resistance 1, negative energy
resistance 3, slow regeneration 1, torment resistance, unbreathing
a: no special abilities


You were on level 2 of the Dungeon.
You were not hungry.

You visited 1 branch of the dungeon, and saw 3 of its levels.

You collected 71 gold pieces.

Inventory:

Hand Weapons
 r - a +2 short sword of draining
Missiles
 i - 4 tomahawks (quivered)
Armour
 f - a +0 helmet (worn)
 u - a +0 ring mail (worn)
Jewellery
 d - an uncursed ring of protection from magic
 l - a ring of flight (left claw)
 s - a +4 ring of evasion (right claw)
Scrolls
 a - a scroll of remove curse {unknown}
 e - a scroll of enchant armour {unknown}
 g - a scroll of blinking {unknown}
 h - a scroll of teleportation {unknown}
 o - a scroll of random uselessness {unknown}
 p - 2 scrolls of fog {unknown}
 q - a scroll of identify {unknown}
 t - 2 scrolls of fear {unknown}
Books
 b - a book of Conjurations

   Spells                             Type                      Level
   a - Magic Dart                     Conjuration                  1
   b - Searing Ray                    Conjuration                  2
   c - Dazzling Spray                 Conjuration/Hexes            3
   d - Fulminant Prism                Conjuration/Hexes            4
   e - Iskenderun's Mystic Blast      Conjuration                  4
   f - Iskenderun's Battlesphere      Conjuration/Charms           5
Comestibles
 c - 2 meat rations
 j - a slice of pizza


   Skills:
 - Level 1.7 Dodging
 - Level 2.1 Stealth
 + Level 3.5 Unarmed Combat
 - Level 1.7 Spellcasting
 - Level 3.2 Conjurations


You had 4 spell levels left.
You knew the following spells:

 Your Spells              Type           Power        Failure   Level  Hunger
a - Magic Dart            Conj           #...         21%         1    ##.....


Dungeon Overview and Level Annotations

Branches:
Dungeon (3/15)

Altars:
The Shining One

Annotations:
D:2 Grinder


Innate Abilities, Weirdness & Mutations

Your body is rotting away.
You thrive on raw meat.
You are immune to poison.
You have sharp fingernails.
You are carnivorous and can eat meat at any time.
Your flesh is cold resistant.
You are immune to negative energy.
You regenerate slowly when monsters are visible.
You are immune to unholy pain and torment.
You can survive without breathing.


Message History

Grinder hits you.
You scratch Grinder but do no damage.
Grinder is lightly wounded.
Grinder gestures at you.
You suddenly lose the ability to move!
Grinder hits you.
* * * LOW HITPOINT WARNING * * *
Grinder hits you.
* * * LOW HITPOINT WARNING * * *
You can move again.
Unknown command.
Unknown command.
You aren't carrying any potions.
You scratch Grinder.
Grinder is moderately wounded.
Grinder misses you.
You barely miss Grinder.
Grinder is moderately wounded.
Grinder hits you.
You die...

#############
#.5.........#
#@####....#.######
#.# #>...........
#.####............
#.#....##.#.######
#.#.#.###.#(#
#.#.#.# #.#.#
#.#.#)# #.#.##
#.#.#.# #....#####
#.#.#.#####..#....


You could see Grinder.

Vanquished Creatures
  An adder (D:2)
  A giant gecko (D:2)
  A ball python (D:2)
  2 goblins (D:1)
  6 hobgoblins
  8 jackals (D:1)
  12 kobolds
  2 bats
  2 giant cockroaches
  A giant newt (D:1)
  A rat (D:1)
37 creatures vanquished.

Notes
Turn   | Place    | Note
--------------------------------------------------------------
     0 | D:1      | MDvedh the Ghoul Conjurer began the quest for the Orb.
     0 | D:1      | Reached XP level 1. HP: 14/14 MP: 2/2
    77 | D:1      | Reached skill level 1 in Unarmed Combat
    95 | D:1      | Reached XP level 2. HP: 5/20 MP: 0/3
   350 | D:1      | Reached XP level 3. HP: 15/26 MP: 4/4
  1040 | D:2      | Found a glowing golden altar of the Shining One.
  1389 | D:3      | Noticed Grinder
  1423 | D:2      | Paralysed by Grinder for 3 turns
  1427 | D:2      | Slain by Grinder

Action                   || total
-------------------------++-------
Melee: Unarmed           ||   149
Throw: Tomahawk          ||     1
 Cast: Magic Dart        ||    12
  Use: Potion            ||     3
  Eat: Chunk             ||    20
